 Dungeon Crawl Stone Soup version 0.31-a0-819-gf6de2f5ab6 (webtiles) character file.

Game seed: 1848562026186115743

42837 2FriedEggs the Spry (level 14, 0/109 HPs)
             Began as a Merfolk Monk on Sept 23, 2023.
             Was a Follower of Yredelemnul.
             Killed from afar by an acid dragon (21 damage)
             ... with a splash of acid
             ... on level 9 of the Dungeon.
             The game lasted 00:36:22 (15934 turns).

2FriedEggs the Spry (Merfolk Monk)                 Turns: 15934, Time: 00:36:23

Health: 0/109      AC:  6    Str: 15    XL:     14   Next: 21%
Magic:  25/25      EV: 23    Int: 16    God:    Yredelemnul [*.....]
Gold:   878        SH:  0    Dex: 21    Spells: 13/13 levels left

rFire   . . .        S - +2 scimitar (flame)
rCold   + . .        d - orb {light}
rNeg    . . .        R - +0 swamp dragon scales
rPois   +            U - +2 hat
rElec   +            o - +0 cloak
rCorr   .            m - +2 pair of gloves
SInv    .            E - +0 pair of boots
Will    +....        (no amulet) Stlth
                     Z - ring of Lostrifa {rElec rC+ Str+4 Stlth-}
HPRegen 0.38/turn    O - ring "Wekar" {*Slow Int+6 Slay+6}
MPRegen 0.19/turn

%: slow self (1%)
@: corroded, slowed, glowing, very slow
A: (nimble swimmer 2), mertail
a: Renounce Religion, Recall Undead Harvest


You were on level 9 of the Dungeon.
You worshipped Yredelemnul.
Yredelemnul was pleased with you.
You visited 3 branches of the dungeon, and saw 15 of its levels.
You also visited: Ossuary.

You collected 1228 gold pieces.
You spent 350 gold pieces at shops.

Inventory:

Hand Weapons
 S - a +2 scimitar of flaming (weapon)
Missiles
 w - 2 throwing nets
Armour
 d - an orb of light (worn)
 m - a +2 pair of gloves (worn)
 o - a +0 cloak (worn)
 E - a +0 pair of boots (worn)
 R - +0 swamp dragon scales (worn)
 U - a +2 hat (worn)
Jewellery
 n - a ring of poison resistance
 s - a +6 ring of intelligence
 A - a ring of fire
 L - a ring of positive energy
 O - the ring "Wekar" (right hand) {*Slow Int+6 Slay+6}
   (You found it on level 7 of the Dungeon)

   [ring of intelligence]

   Int+6:     It affects your intelligence (+6).
   Slay+6:    It affects your accuracy & damage with ranged weapons and melee
   (+6).
   *Slow:     It may slow you when you take damage.
 X - a ring of ice
 Z - the ring of Lostrifa (left hand) {rElec rC+ Str+4 Stlth-}
   (You found it on level 5 of the Lair of Beasts)

   [ring of protection from cold]

   Str+4:     It affects your strength (+4).
   rC+:       It protects you from cold.
   rElec:     It insulates you from electricity.
   Stlth-:    It makes you less stealthy.
Wands
 y - a wand of mindburst (12)
 z - a wand of flame (31)
 H - a wand of acid (10)
 K - a wand of roots (11)
 W - a wand of paralysis (8)
Scrolls
 e - 2 scrolls of fear
 f - 10 scrolls of teleportation
 h - 4 scrolls of fog
 i - 3 scrolls of identify
 q - 5 scrolls of poison
 t - 3 scrolls of vulnerability
 I - 2 scrolls of summoning
 M - a scroll of torment
 N - 2 scrolls of amnesia
 Q - 2 scrolls of revelation
 T - 4 scrolls of enchant weapon
 V - 2 scrolls of blinking
 Y - 2 scrolls of enchant armour {unknown}
Potions
 b - 2 potions of enlightenment
 c - a potion of ambrosia
 g - 2 potions of might
 j - 8 potions of curing
 k - 4 potions of lignification
 l - 5 potions of invisibility
 p - 3 potions of mutation
 u - 4 potions of brilliance {unknown}
 v - 4 potions of magic
 B - a potion of degeneration
 C - a potion of heal wounds {unknown}
 F - 2 potions of haste {unknown}
 G - a potion of cancellation {unknown}
 P - a potion of resistance {unknown}
Miscellaneous
 a - a box of beasts


   Skills:
 - Level 9.8 Fighting
 - Level 14.4 Long Blades
 + Level 17.5 Dodging
 * Level 15.7 Invocations


You had 13 spell levels left.
You didn't know any spells.
Your spell library contained the following spells:

 Spells                   Type           Power      Damage    Failure   Level
 Apportation              Tloc           0%         N/A       45%         1
 Summon Small Mammal      Summ           0%         N/A       45%         1
 Blink                    Tloc           0%         N/A       58%         2
 Ensorcelled Hibernation  Hex/Ice        0%         N/A       58%         2
 Jinxbite                 Hex            0%         N/A       58%         2
 Lesser Beckoning         Tloc           0%         N/A       58%         2
 Momentum Strike          Conj/Tloc      0%         3d8       58%         2
 Passwall                 Tmut/Erth      0%         N/A       58%         2
 Scorch                   Fire           0%         2d5       58%         2
 Call Canine Familiar     Summ           0%         N/A       83%         3
 Dazzling Flash           Conj/Hex       0%         N/A       83%         3
 Inner Flame              Hex/Fire       0%         N/A       83%         3
 Sigil of Binding         Hex            0%         N/A       83%         3
 Stone Arrow              Conj/Erth      0%         3d7       83%         3
 Summon Guardian Golem    Hex/Summ       0%         N/A       83%         3
 Swiftness                Air            0%         N/A       83%         3
 Volatile Blastmotes      Fire/Tloc      0%         2d10      83%         3
 Animate Armour           Summ/Erth      0%         N/A       99%         4
 Dimensional Bullseye     Hex/Tloc       0%         N/A       99%         4
 Flame Wave               Conj/Fire      0%         2d4       99%         4
 Leda's Liquefaction      Hex/Erth       0%         N/A       99%         4
 Sticky Flame             Conj/Fire      0%         2d3       99%         4
 Alistair's Intoxication  Tmut/Pois      0%         N/A       100%        5
 Lee's Rapid Deconstruct  Erth           0%         3d4*      100%        5
 Bombard                  Conj/Erth      0%         9d1       100%        6
 Starburst                Conj/Fire      0%         6d3       100%        6
 Summon Cactus Giant      Summ           0%         N/A       100%        6
 Lehudib's Crystal Spear  Conj/Erth      0%         10d2      100%        8
 Maxwell's Capacitive Co  Air            0%         ∞         100%        8


Dungeon Overview and Level Annotations

Branches:
Dungeon (9/15)             Temple (1/1) D:5            Lair (5/5) D:9
 Shoals (0/4) Lair:3       Spider (0/4) Lair:3        Slime (0/5) Lair:5
Ossuary (visited)
    Orc: D:9-12

Altars:
Ashenzari
Cheibriados
Dithmenos
Elyvilon
Fedhas
Gozag
Hepliaklqana
Kikubaaqudgha
Makhleb
Nemelex Xobeh
Okawaru
Qazlal
Ru
Sif Muna
Trog
Uskayaw
Vehumet
Wu Jian
Xom
Yredelemnul
Zin
The Shining One

Shops:
D:5 (   D:9 ?

Annotations:
D:6 exclusion: statue


Innate Abilities, Weirdness & Mutations

((You are very nimble when in or above water. (Stealth+, EV+, Speed+++)))
Your lower body shifts to a powerful aquatic tail in water.


Message History

The tengu conjurer hits your bullfrog zombie.
The tengu conjurer pecks your bullfrog zombie.
The tengu conjurer claws your bullfrog zombie.
The kobold brigand barely misses your bullfrog zombie.
The acid dragon bites your bullfrog zombie!
The acid dragon claws your bullfrog zombie.
Your bullfrog zombie hits the acid dragon but does no damage.
The tengu conjurer hits your bullfrog zombie!
Your bullfrog zombie is destroyed!
The howler monkey hoots and howls with incredible vigour!
You hit the acid dragon. You burn the acid dragon.
The acid dragon is lightly wounded.
The orc warrior completely misses you.
Unknown command.
You hit the tengu conjurer but do no damage.
The orc warrior hits you from afar with a +0 trident.
* * * LOW HITPOINT WARNING * * *
Unknown command.
Okay, then.
You slash the tengu conjurer! You burn the tengu conjurer.
The tengu conjurer is heavily wounded.
The tengu conjurer closely misses you.
The tengu conjurer pecks you but does no damage.
The tengu conjurer completely misses you.
The orc warrior barely misses you.
Unknown command.
You miss the tengu conjurer.
The tengu conjurer is heavily wounded.
The tengu conjurer barely misses you. The tengu conjurer closely misses you.
The tengu conjurer claws you but does no damage.
The orc warrior completely misses you.
Unknown command.
You slice the tengu conjurer!! You burn the tengu conjurer!
You kill the tengu conjurer!
The battlesphere dissipates.
The dead are flying!
The orc warrior barely misses you. The acid dragon spits acid at you.
The splash of acid hits you!!
You die...
Your body rises from the dead as a mindless zombie.

..........................# #.Z.
..........................# #.Z.
...##..###................# #.Z.
...##..# #................# #..Z
...##..# #................# #.Z#
.⌠.##..###................# #.Z#
...#......................# #.Z#
_..#............Z....>....# #.Z#
..##...........8@8........# #.Z#
.#########....##$##.......# #...
##### #....#KDo#.###...# #...
....# #....#Zh[#.# #...# #...
....# #>...#[[(#.# #...# #..#
....# #....#####.# #..)# #.Z#
....# #..........###.)[# #.Z#
....######...#..#.........####.Z.
...............................Z.


You could see an orc warrior (ally target), an acid dragon (catching breath,
ally target), a kobold brigand, a howler monkey, a friendly yak zombie and a
friendly tengu conjurer zombie.

Vanquished Creatures
  Gastronok (D:9)
  A minotaur (Lair:4)
  A hydra (Lair:5)
  2 catoblepae
  A boulder beetle (Lair:5)
  2 two-headed ogres
  4 death yaks
  Erica (D:8)
  A tengu warrior (D:8)
  A skyshark (Lair:4)
  3 elephants
  Maurice (D:8)
  2 black mambas
  Maggie (D:7)
  Psyche (D:9)
  Jeremiah (D:8)
  2 rime drakes
  8 cane toads
  7 komodo dragons
  An efreet (D:8)
  A tengu conjurer (D:9)
  2 polar bears
  2 trolls
  A hornet (D:9)
  10 blink frogs
  A vampire (D:9)
  12 yaks
  4 wyverns
  2 basilisks
  2 redbacks (Lair:3)
  Menkaure (Ossuary)
  2 vampire mosquitoes (D:8)
  2 acid dragons
  12 water moccasins
  2 ice beasts
  2 orc warriors
  5 black bears
  An ogre (D:4)
  7 wolves
  A centaur (D:8)
  2 kobold brigands
  9 bullfrogs
  A scorpion (D:3)
  13 wights
  3 killer bees (D:9)
  An electric eel (Lair:2)
  3 centaur zombies (Ossuary)
  4 jellies
  A human zombie (Ossuary)
  3 hounds
  An orc priest (D:9)
  2 gnoll boudas
  Jessica (D:3)
  11 iguanas
  2 hell rats (Lair:4)
  7 orc wizards
  A sleepcap (D:4)
  2 ogre zombies (Ossuary)
  6 mummies (Ossuary)
  18 gnolls
  8 adders
  2 shadow imps (D:6)
  A white imp (D:6)
  3 adder zombies (Ossuary)
  2 worms (D:4)
  A dart slug (D:1)
  26 orcs
  11 bats
  6 endoplasms
  A giant cockroach (D:2)
  5 goblins
  8 hobgoblins
  9 jackals
  17 kobolds
  5 quokkas
  6 ball pythons
  3 frilled lizards (D:2)
  5 goblin zombies (Ossuary)
  5 hobgoblin zombies (Ossuary)
  3 kobold zombies (Ossuary)
  3 quokka zombies (Ossuary)
  6 rats
  5 rat zombies (Ossuary)
346 creatures vanquished.

Vanquished Creatures (collateral kills)
  The ghost of Osyvawk the Marksdraconian, a journeyman DrMo of Hepliaklqana (Lair:4)
  Snorg (Lair:3)
  A hydra (Lair:5)
  A catoblepas (Lair:1)
  3 death yaks (Lair:5)
  A deep troll shaman (Lair:5)
  A skyshark (Lair:5)
  2 black mambas
  10 elephants
  2 cane toads (Lair:5)
  A rime drake (Lair:4)
  3 komodo dragons (Lair:1)
  A polar bear (Lair:5)
  6 blink frogs
  5 yaks
  2 water moccasins (Lair:5)
  2 wolves
  2 bullfrogs
  A killer bee (D:9)
  An electric eel (Lair:2)
  An iguana (Lair:1)
  4 hell rats (Lair:4)
  A butterfly (Lair:1)
53 creatures vanquished.

Vanquished Creatures (others)
  A cane toad zombie (Lair:5)
  An elephant zombie (Lair:5)
  A blink frog zombie (Lair:1)
  A komodo dragon zombie (Lair:1)
  A water moccasin zombie (Lair:2)
  A wyvern zombie (Lair:5)
  2 wolf zombies (Lair:1)
  2 bullfrog zombies
  2 hell rat zombies (Lair:4)
  2 gnoll zombies (D:9)
14 creatures vanquished.

Grand Total: 413 creatures vanquished

Notes
Turn   | Place    | Note
-------+----------+-------------------------------------------
     0 | D:1      | 2FriedEggs the Merfolk Monk began the quest for the Orb.
     0 | D:1      | Reached XP level 1. HP: 18/18 MP: 1/1
   175 | D:1      | Reached XP level 2. HP: 22/24 MP: 2/2
   959 | D:2      | Reached XP level 3. HP: 28/29 MP: 3/3
  1904 | D:3      | Reached XP level 4. HP: 26/37 MP: 4/4
  2111 | D:3      | Noticed a scorpion
  2127 | D:3      | Reached skill level 5 in Long Blades
  2204 | D:3      | Killed a scorpion
  2205 | D:3      | Reached skill level 5 in Dodging
  2205 | D:3      | Reached XP level 5. HP: 33/43 MP: 5/5
  2430 | D:3      | Noticed Jessica
  2438 | D:3      | Killed Jessica
  2620 | D:4      | Reached XP level 6. HP: 49/49 MP: 6/6
  3006 | D:4      | Reached skill level 5 in Fighting
  3033 | D:4      | Reached skill level 6 in Dodging
  3240 | D:4      | Reached XP level 7. HP: 51/56 MP: 7/7
  3466 | D:5      | Entered Level 5 of the Dungeon
  3927 | D:5      | Identified the +0 dagger of Imoogaix {freeze, Str+5}
  4063 | D:5      | Found a staircase to the Ecumenical Temple.
  4079 | Temple   | Entered the Ecumenical Temple
  4119 | D:5      | Reached XP level 8. HP: 63/64 MP: 8/8
  4127 | D:5      | Reached skill level 7 in Dodging
  4183 | D:5      | Found Myiv's Weapon Boutique.
  4900 | D:6      | Found a radiant altar of Vehumet.
  5024 | D:6      | Found a sacrificial altar of Ru.
  5821 | D:6      | Reached skill level 8 in Dodging
  5972 | D:7      | Found a sand-covered staircase.
  5977 | Ossuary  | Entered an ossuary
  6058 | Ossuary  | Noticed Menkaure
  6069 | Ossuary  | Killed Menkaure
  6070 | Ossuary  | Reached skill level 10 in Long Blades
  6070 | Ossuary  | Reached XP level 9. HP: 28/71 MP: 9/9
  6720 | D:7      | Reached skill level 9 in Dodging
  6962 | D:7      | Identified the ring "Wekar" {*Slow Int+6 Slay+6}
  7062 | D:7      | Noticed Maggie
  7070 | D:7      | Killed Maggie
  7524 | D:8      | Noticed Erica
  7533 | D:8      | Killed Erica
  7534 | D:8      | Reached skill level 10 in Dodging
  7534 | D:8      | Reached XP level 10. HP: 68/82 MP: 10/10
  7738 | D:8      | Noticed a tengu warrior
  7738 | D:8      | Noticed a tengu warrior
  7766 | D:8      | HP: 3/82 [efreet/+2 scimitar of flaming (2)]
  8243 | D:8      | Noticed Jeremiah
  8262 | D:8      | Killed Jeremiah
  8350 | D:8      | Killed a tengu warrior
  8351 | D:8      | Reached skill level 11 in Dodging
  8642 | D:8      | Noticed Maurice
  8650 | D:8      | Killed Maurice
  8667 | D:8      | Noticed a two-headed ogre
  8672 | D:8      | Killed a two-headed ogre
  8673 | D:8      | Reached XP level 11. HP: 74/89 MP: 11/11
  8874 | D:8      | Found a hazy altar of Hepliaklqana.
  9074 | D:9      | Noticed Psyche
  9085 | D:9      | Killed Psyche
  9113 | D:9      | Found a runed translucent door.
  9156 | D:9      | Found a basalt altar of Yredelemnul.
  9156 | D:9      | Found an opulent altar of Gozag.
  9162 | D:9      | Found a glowing golden altar of the Shining One.
  9165 | D:9      | Found a broken altar of Ashenzari.
  9165 | D:9      | Found a shimmering altar of Xom.
  9172 | D:9      | Became a worshipper of Yredelemnul the Dark
  9172 | D:9      | Reached * piety under Yredelemnul
  9172 | D:9      | Reached ** piety under Yredelemnul
  9214 | D:9      | Found a burning altar of Makhleb.
  9217 | D:9      | Found a shimmering blue altar of Sif Muna.
  9264 | D:9      | Noticed a two-headed ogre
  9271 | D:9      | Killed a two-headed ogre
  9276 | D:9      | Reached skill level 12 in Dodging
  9308 | D:9      | Noticed Gastronok
  9725 | D:9      | Found a staircase to the Lair.
  9789 | D:9      | Killed Gastronok
  9958 | D:9      | Found Dyep's Magic Scroll Shoppe.
  9965 | D:9      | Bought a scroll of enchant weapon for 97 gold pieces
  9965 | D:9      | Bought a scroll of blinking for 97 gold pieces
  9965 | D:9      | Bought a scroll of identify for 26 gold pieces
  9965 | D:9      | Bought a scroll of teleportation for 39 gold pieces
  9965 | D:9      | Bought a scroll of teleportation for 39 gold pieces
  9965 | D:9      | Bought a scroll of fear for 52 gold pieces
 10270 | Lair:1   | Entered Level 1 of the Lair of Beasts
 10276 | Lair:1   | Reached skill level 5 in Invocations
 10661 | Lair:1   | Reached skill level 13 in Dodging
 10704 | Lair:1   | Reached *** piety under Yredelemnul
 10704 | Lair:1   | Upgraded the game from 0.31-a0-818-ge7c7cf74f0 to
                  | 0.31-a0-819-gf6de2f5ab6
 10707 | Lair:1   | Reached XP level 12. HP: 22/97 MP: 17/17
 10933 | Lair:1   | Reached **** piety under Yredelemnul
 10955 | Lair:1   | Reached ***** piety under Yredelemnul
 11031 | Lair:1   | Noticed a catoblepas
 11036 | Lair:1   | Killed a catoblepas
 11689 | Lair:2   | Reached skill level 14 in Dodging
 11701 | Lair:2   | Noticed a catoblepas
 11710 | Lair:2   | You fall into a shaft and drop 2 floors!
 11710 | Lair:4   | Noticed a skyshark
 11740 | Lair:4   | Noticed Osyvawk's ghost (journeyman DrMo)
 11742 | Lair:4   | Noticed a minotaur
 11746 | Lair:4   | Noticed a death yak
 11753 | Lair:4   | Found an opulent altar of Gozag.
 11895 | Lair:4   | Found a runed translucent gate.
 11895 | Lair:4   | Found a runed translucent gate.
 11895 | Lair:4   | Found a runed translucent gate.
 11913 | Lair:4   | Reached skill level 10 in Invocations
 11919 | Lair:4   | Killed a minotaur
 11925 | Lair:4   | Killed Osyvawk's ghost
 11931 | Lair:4   | Killed a death yak
 11939 | Lair:4   | Reached skill level 15 in Dodging
 12214 | Lair:4   | Reached XP level 13. HP: 99/103 MP: 17/21
 12687 | Lair:3   | Found a staircase to the Shoals.
 12799 | Lair:3   | Found a hole to the Spider Nest.
 12942 | Lair:3   | Noticed Snorg
 12953 | Lair:3   | Killed Snorg
 13738 | Lair:2   | Reached skill level 16 in Dodging
 14473 | Lair:5   | Entered Level 5 of the Lair of Beasts
 14473 | Lair:5   | Found a staircase to the Slime Pits.
 14871 | Lair:5   | Reached ****** piety under Yredelemnul
 14917 | Lair:5   | Reached skill level 17 in Dodging
 14917 | Lair:5   | Reached skill level 15 in Invocations
 14917 | Lair:5   | Reached XP level 14. HP: 33/109 MP: 22/25
 14936 | Lair:5   | Identified the ring of Lostrifa {rElec rC+ Str+4 Stlth-}
 15474 | Lair:5   | Identified the +5 mace of Qureniri {distort, rF- Int+5}
 15934 | D:9      | Killed from afar by an acid dragon

Illustrated notes

Levels and vault maps discovered:
D:1:      onia_arrival_mini_maze_b, layout_basic, hangedman_decor_points
D:2:      layout_basic, minmay_bisected
D:3:      layout_rooms, uniq_jessica
D:4:      cheibrodos_thug_alley, layout_basic
D:5:      layout_loops_ring, minmay_temple_entry_sparse_star, serial_shops,
          nicolae_lakefront_shop
D:6:      layout_loops_ring, vehumet_statue, nicolae_ru_sacrificial_ziggurat,
          hangedman_decor_riveting, st_stairs_6,
          nicolae_concentric_dashed_squares_mild
D:7:      layout_rooms, enter_ossuary_5, uniq_maggie
D:8:      minmay_the_grid_four_pointed_star
          [minmay_the_grid_triangle_9x9_zippers_horizontal,
          minmay_the_grid_triangle_9x9_zippers_vertical,
          minmay_the_grid_triangle_9x9_odd_lines,
          minmay_the_grid_triangle_9x9_swiss_cheese,
          minmay_the_grid_prize_big_room], layout_loops_corners,
          nicolae_hepliaklqana_hippocampus, uniq_maurice, uniq_jeremiah,
          uniq_erica
D:9:      layout_small_grid, nicolae_overflow_hallway_of_the_gods,
          lair_entry_dummy, serial_shops, shop, minmay_st_funbox,
          uniq_gastronok, uniq_psyche
Temple:   nicolae_temple_hex_pool
Lair:1:   beast_lair_carwin_large_3, layout_chaotic_city, grunt_megastairs_3,
          lemuel_fruit_fields
Lair:2:   layout_misc_corridors, serial_bayou_shore_b, serial_bayou_shore_a
Lair:3:   layout_loops_ring, shoals_dummy_entry, spider_nest_entry_webs,
          nicolae_quartered_pool_little, uniq_snorg
Lair:4:   layout_gridlike, maelrawn_ghost_gauntlet_escape, basic_altar
Lair:5:   grunt_lair_end_beastmaster, layout_hall_layers, slime_entry_1,
          grunt_megastairs_4

Skill      XL: |  1  2  3  4  5  6  7  8  9 10 11 12 13 |
---------------+----------------------------------------+-----
Long Blades    | 4 5 6 7 8 10 12 14 | 14.4
Fighting       | 4 5 6 8 9 |  9.8
Dodging        | 5 6 8 10 11 13 15 17 | 17.5
Invocations    | 7 11 15 | 15.7

Action                     |  1- 3 |  4- 6 |  7- 9 | 10-12 | 13-15 || total
---------------------------+-------+-------+-------+-------+-------++-------
  Melee: Falchion          |    97 |     1 |   240 |       |       ||   338
         Dagger            |       |   140 |   234 |       |       ||   374
         Scimitar          |       |       |       |   288 |   210 ||   498
 Invoke: Dark Bargain      |       |       |       |    14 |    14 ||    28
  Evoke: Wand              |       |       |    11 |     9 |     3 ||    23
    Use: Scroll            |     1 |       |    14 |    11 |       ||    26
         Potion            |       |       |       |     3 |       ||     3
   Stab: Distracted        |       |       |       |     3 |     3 ||     6
         Petrifying        |       |       |       |       |     1 ||     1
         Petrified         |       |       |       |       |     1 ||     1
 Armour: Robe              |     8 |       |       |       |       ||     8
         Ring mail         |    42 |    70 |   186 |       |       ||   298
         Chain mail        |     3 |       |       |       |       ||     3
         Swamp dragon scal |       |       |     9 |   152 |   125 ||   286
  Dodge: Dodged            |    59 |    72 |   235 |   217 |   207 ||   790

Table legend: (Time is in decaauts)
 A = Elapsed time spent in this place.
 B = Non-inter-level travel time spent in this place.
 C = Inter-level travel time spent in this place.
 D = Time resting spent in this place.
 E = Time spent auto-exploring this place.
 F = Levels seen in this place.
 G = Mean time per level.
                   A        B        C        D        E       F      G
               +--------+--------+--------+--------+--------+-----+--------+
         Total |  15691 |  15047 |    644 |   1531 |  10325 |  16 |  980.7 |
       Dungeon |   9520 |   9108 |    412 |   1095 |   6086 |   9 | 1057.8 |
        Temple |     27 |      8 |     19 |      0 |      0 |   1 |   27.0 |
          Lair |   5529 |   5317 |    212 |    328 |   3947 |   5 | 1105.8 |
       Ossuary |    613 |    613 |      0 |    108 |    291 |   1 |  613.0 |
               +--------+--------+--------+--------+--------+-----+--------+

Top non-repeatable levels by time:
     D:8: 1838 daAuts
     D:6: 1400 daAuts
  Lair:1: 1351 daAuts
  Lair:5: 1346 daAuts
  Lair:2: 1102 daAuts
     D:9: 1046 daAuts
  Lair:4: 976 daAuts
     D:2: 956 daAuts
     D:5: 951 daAuts
     D:1: 910 daAuts
     D:4: 888 daAuts
     D:7: 821 daAuts
  Lair:3: 752 daAuts
     D:3: 707 daAuts
 Ossuary: 613 daAuts
